 Dungeon Crawl Stone Soup version 0.30-a0-310-g7d6cbdf (webtiles) character file.

Game seed: 6078913977759466126

133 Sixotanaka the Slasher (level 5, -5/39 HPs)
             Began as a Barachi Reaver on Oct 24, 2022.
             Slain by an ogre
             ... wielding a +0 giant club
              (19 damage)
             ... on level 3 of the Dungeon.
             The game lasted 00:16:08 (2547 turns).

Sixotanaka the Slasher (Barachi Reaver)             Turns: 2547, Time: 00:16:08

Health: -5/39      AC: 10    Str: 14    XL:     5   Next: 16%
Magic:  8/8        EV: 10    Int: 13    God:
Gold:   156        SH:  3    Dex: 15    Spells: 7/8 levels left

rFire   . . .      SeeInvis .    a - +0 falchion
rCold   + . .      Faith    .    j - +0 buckler
rNeg    . . .      Spirit   .    l - +5 ring mail of the Serpent {rPois Regen+ Dex+3}
rPois   +          Reflect  .    (no helmet)
rElec   .          Harm     .    (no cloak)
rCorr   .          Rampage  .    (no gloves)
Will    +....                    (no boots)
Stlth   +.........               (no amulet)
HPRegen 1.06/turn                c - ring of protection from cold
MPRegen 0.11/turn                b - ring of willpower

@: brilliant, unable to hop, slow
A: amphibious, slowness 1, strong legs 1, +LOS
a: Hop


You were on level 3 of the Dungeon.
You visited 1 branch of the dungeon, and saw 4 of its levels.

You collected 156 gold pieces.

Inventory:

Hand Weapons
 a - a +0 falchion (weapon)
Armour
 j - a +0 buckler (worn)
 l - the +5 ring mail of the Serpent (worn) {rPois Regen+ Dex+3}
   (You found it on level 3 of the Dungeon)

   Dex:       It affects your dexterity (+3).
   rPois:     It protects you from poison.
   Regen:     It increases your rate of health regeneration.
Jewellery
 b - a ring of willpower (right hand)
 c - a ring of protection from cold (left hand)
Scrolls
 d - 3 scrolls of identify {unknown}
 h - a scroll of blinking {unknown}
 i - a scroll of brand weapon {unknown}
 n - a scroll of poison {unknown}
 o - 2 scrolls of enchant armour {unknown}
 r - a scroll of magic mapping {unknown}
Potions
 f - a potion of berserk rage {unknown}
 g - 2 potions of heal wounds {unknown}
 k - a potion of attraction {unknown}
 m - a potion of might {unknown}
 p - a potion of brilliance
 q - a potion of mutation {unknown}


   Skills:
 - Level 2.4 Fighting
 * Level 6.8 Long Blades
 - Level 2.1 Dodging
 + Level 0.3 Shields
 - Level 2.1 Spellcasting
 - Level 3.2 Conjurations


You had 7 spell levels left.
You knew the following spells:

 Your Spells              Type           Power      Damage    Failure   Level
a - Kiss of Death         Conj/Necr      32%        2d7       36%         1

Your spell library contained the following spells:

 Spells                   Type           Power      Damage    Failure   Level
 Momentum Strike          Conj/Tloc      16%        3d8       50%         2
 Cigotuvi's Dreadful Rot  Necr/Pois/Air  4%         N/A       73%         2
 Poisonous Vapours        Pois/Air       4%         N/A       73%         2
 Hailstorm                Conj/Ice       8%         3d4       73%         3
 Mephitic Cloud           Conj/Pois/Air  6%         N/A       80%         3


Dungeon Overview and Level Annotations

Branches:
Dungeon (4/15)
 Temple: D:4-7

Altars:
Kikubaaqudgha
Makhleb
Trog

Annotations:
D:2 Sigmund
D:3 1 runed translucent door, dontdoit's ghost, amateur MfSu
D:4 Blork the orc; Duvessa


Innate Abilities, Weirdness & Mutations

You are amphibious.
You cover ground slowly.
You can hop short distances.
You have an extended range of vision and can be seen from far away.


Message History

Hop to where?
Press: ? - help, Dir - move target Boing!
There is a stone staircase leading up here.
You climb upwards.
Level annotation: Sigmund Sigmund shouts!
Sigmund casts a spell at you.
The puff of flame hits you but does no damage.
There is a stone staircase leading down here.
Sigmund hits you but does no damage.
You climb downwards.
Level annotation: 1 runed translucent door, dontdoit's ghost, amateur MfSu The ogre hits you with a +0 giant club.
There is a stone staircase leading up, spattered with blood here.
Your legs are too worn out to hop.
The ogre attacks as you move away!
The ogre hits you with a +0 giant club!!
Ouch! That really hurt!
* * * LOW HITPOINT WARNING * * *
Your legs are too worn out to hop.
You feel better. The ogre hits you but does no damage.
The ogre attacks as you move away! The ogre closely misses you.
The ogre attacks as you move away! The ogre completely misses you.
You see here a +0 short sword.
You block the ogre's attack.
You see here a +0 short sword.
The ogre attacks as you move away! The ogre hits you with a +0 giant club!
There is an escape hatch in the ceiling here.
The ogre attacks as you move away! The ogre closely misses you.
The ogre hits you with a +0 giant club! The ogre attacks as you move away!
The ogre closely misses you. The ogre attacks as you move away!
The ogre hits you with a +0 giant club!!
Ouch! That really hurt!
* * * LOW HITPOINT WARNING * * *
It was a potion of brilliance.
You feel clever all of a sudden.
The ogre hits you with a +0 giant club!!
You die...

......#...........#
####.####
......#.#.###.....#
####.## ####....#.#
#.....# #.....# #......#
####### #.....# ##<#####
#.....# #.# ### ###
#.....# #.#
##.####)###.....# #####.#
##.#.##.#.####.###
....#.####.###.O@.......#
....#.......#.##.#.######
##..########.####.##
......# ### ### ##..#.#
##..#.# ##..#.# ....#.#
[.....#


You could see an ogre.

Vanquished Creatures
  Terence (D:3)
  Robin (D:1)
  An adder (D:3)
  2 dart slugs (D:1)
  An orc (D:2)
  3 ball pythons
  5 bats
  10 endoplasms
  2 giant cockroaches (D:1)
  12 goblins
  13 hobgoblins
  6 jackals
  2 quokkas
  2 frilled lizards (D:1)
  4 kobolds
  7 rats
72 creatures vanquished.

Notes
Turn   | Place    | Note
-------+----------+-------------------------------------------
     0 | D:1      | Sixotanaka the Barachi Reaver began the quest for the Orb.
     0 | D:1      | Reached XP level 1. HP: 17/17 MP: 3/3
    66 | D:1      | Reached skill level 4 in Long Blades
    85 | D:1      | Reached XP level 2. HP: 23/23 MP: 5/5
   244 | D:1      | Reached XP level 3. HP: 24/25 MP: 6/6
   255 | D:1      | Reached skill level 5 in Long Blades
   901 | D:2      | Found an ancient bone altar of Kikubaaqudgha.
   916 | D:2      | Noticed Sigmund
  1115 | D:2      | Noticed Robin
  1135 | D:2      | Reached XP level 4. HP: 33/34 MP: 7/7
  1320 | D:1      | Killed Robin
  1321 | D:1      | Reached skill level 6 in Long Blades
  1636 | D:3      | Identified the +5 ring mail of the Serpent {rPois Regen+
                  | Dex+3}
  1704 | D:3      | Found a bloodstained altar of Trog.
  1833 | D:3      | Found a burning altar of Makhleb.
  1867 | D:3      | Noticed Terence
  1900 | D:3      | Killed Terence
  1901 | D:3      | Reached XP level 5. HP: 31/39 MP: 8/8
  2290 | D:3      | Found a runed translucent door.
  2314 | D:3      | Noticed dontdoit's ghost (amateur MfSu)
  2401 | D:4      | Noticed Duvessa
  2450 | D:4      | Noticed Blork the orc
  2450 | D:4      | Noticed an ogre
  2547 | D:3      | Slain by an ogre

Illustrated notes

Levels and vault maps discovered:
D:1:      dpeg_arrival_simpleton_a, layout_basic
D:2:      layout_basic, basic_altar, minmay_pentomino_z2, uniq_sigmund,
          uniq_robin
D:3:      layout_loops_cross, mainiacjoe_overflow_swirl, gammafunk_ghost_grave,
          grunt_decor_mini_mirrors, uniq_terence
D:4:      layout_rooms, kennysheep_mini_moat, mainiacjoe_overflow_boulevard,
          hangedman_decor_growths, uniq_duvessa, uniq_menkaure, uniq_ijyb,
          uniq_crazy_yiuf_cottage, uniq_blork_the_orc

Skill      XL: |  1  2  3  4 |
---------------+-------------+-----
Long Blades    | 4 5 6 |  6.8
Fighting       | |  2.4
Dodging        | |  2.1
Shields        | |  0.3
Spellcasting   | |  2.1
Conjurations   | |  3.2

Action                   |  1- 3 |  4- 6 || total
-------------------------+-------+-------++-------
Melee: Falchion          |   140 |   119 ||   259
 Cast: Kiss of Death     |     1 |       ||     1
 Abil: Hop               |       |     4 ||     4
  Use: Potion            |       |     2 ||     2
Armor: Leather armour    |    33 |     6 ||    39
       Ring mail         |       |    47 ||    47
Dodge: Dodged            |    61 |    78 ||   139
Block: Buckler           |       |    16 ||    16

Table legend: (Time is in decaauts)
 A = Elapsed time spent in this place.
 B = Non-inter-level travel time spent in this place.
 C = Inter-level travel time spent in this place.
 D = Time resting spent in this place.
 E = Time spent auto-exploring this place.
 F = Levels seen in this place.
 G = Mean time per level.
                   A        B        C        D        E       F      G
               +--------+--------+--------+--------+--------+-----+--------+
         Total |   2905 |   2596 |    309 |    408 |   1199 |   4 |  726.2 |
       Dungeon |   2905 |   2596 |    309 |    408 |   1199 |   4 |  726.2 |
               +--------+--------+--------+--------+--------+-----+--------+

Top non-repeatable levels by time:
     D:1: 1421 daAuts
     D:3: 1074 daAuts
     D:2: 400 daAuts
     D:4: 9 daAuts
